 Dungeon Crawl Stone Soup version 0.28-a0-726-g4a9143789a (webtiles) character file.

Game seed: 18137205608677658431

1647 kae the Sneak (level 8, -1/38 (40) HPs)
             Began as a Spriggan Enchanter on Oct 27, 2021.
             Slain by a wight (11 damage)
             ... on level 6 of the Dungeon.
             The game lasted 00:07:06 (8785 turns).

kae the Sneak (Spriggan Enchanter)                  Turns: 8785, Time: 00:07:06

HP:   -1/38 (40)    AC:  6    Str:  6    XL:     8   Next: 67%
MP:   12/17         EV: 20    Int: 16    God:
Gold: 171           SH:  0    Dex: 16    Spells: 10/18 levels left

rFire   x . .      SeeInvis +   a - +1 dagger
rCold   + . .      Faith    .   (shield restricted)
rNeg    . . .      Spirit   .   b - +0 robe
rPois   .          Reflect  .   (helmet restricted)
rElec   .          Harm     .   (no cloak)
rCorr   .          Rampage  .   (gloves unavailable)
Will    +....                   (boots unavailable)
Stlth   ++++......              (no amulet)
HPRegen 0.12/turn               k - +4 ring of protection
MPRegen 0.15/turn               d - ring of ice

@: confusing by touch, drained, very quick
A: very small, no large weapons, unfitting armour, see invisible, speed 3
a: no special abilities


You were on level 6 of the Dungeon.
You visited 1 branch of the dungeon, and saw 7 of its levels.
You also visited: Ossuary.

You collected 313 gold pieces.
You spent 142 gold pieces at shops.

Inventory:

Hand Weapons
 a - a +1 dagger (weapon)
Armour
 b - a +0 robe (worn)
Jewellery
 d - a ring of ice (right hand)
 k - a +4 ring of protection (left hand)
Wands
 q - a wand of iceblast (9)
 r - a wand of charming (12)
 t - a wand of flame (10)
Scrolls
 e - 2 scrolls of immolation
 f - 6 scrolls of identify
 h - 4 scrolls of teleportation
 s - a scroll of fear
Potions
 c - a potion of invisibility
 g - 4 potions of lignification
 i - a potion of resistance
 j - 5 potions of curing
 l - a potion of brilliance
 m - 2 potions of degeneration
 n - 2 potions of flight
 o - a potion of might
 p - a potion of heal wounds


   Skills:
 + Level 3.1 Fighting
 * Level 6.6 Short Blades
 + Level 6.1 Dodging
 + Level 7.7 Stealth
 + Level 5.5 Spellcasting
 + Level 6.1 Hexes


You had 10 spell levels left.
You knew the following spells:

 Your Spells              Type           Power      Damage    Failure   Level
a - Ensorcelled Hibernat  Hex/Ice        42%        N/A       6%          2
b - Confusing Touch       Hex            24%        N/A       3%          3
c - Tukima's Dance        Hex            24%        N/A       3%          3

Your spell library contained the following spells:

 Spells                   Type           Power      Damage    Failure   Level
 Dazzling Flash           Conj/Hex       28%        N/A       12%         3
 Conjure Flame            Conj/Fire      4%         6-21      41%         3
 Ignite Poison            Fire/Tmut/Pois 4%         N/A       41%         3
 Sticky Flame             Conj/Fire      4%         2d3       82%         4


Dungeon Overview and Level Annotations

Branches:
Dungeon (7/15)             Temple (0/1) D:7         Ossuary (visited)

Altars:

Shops:
D:2 [   D:4 [[?[!   D:7 [

Annotations:
D:7 exclusion: 2 wights, Joseph


Innate Abilities, Weirdness & Mutations

You are very small and have problems with some larger weapons.
You are too small for most types of armour.
You have supernaturally acute eyesight. (SInv)
You cover ground extremely quickly. (Speed+++)


Message History

a +0 robe; a +2 mace of freezing
Things that are here:
a +2 robe of willpower; a +3 spear 2 wights come into view.
Things that are here:
a +0 robe; a +0 great sword
There are monsters nearby!
There are monsters nearby!
There are monsters nearby!
You hit the wight but do no damage. The wight barely misses you.
You barely miss the wight.
Casting: Confusing Touch (dangerous; 3% risk of failure)
Confirm with . or Enter, or press ? or * to list all spells.
Your hands begin to glow red.
The wight completely misses you. The wight misses you.
You hit the wight but do no damage.
The wight appears confused.
You strike the helpless wight from behind!
You impale the wight!!
You destroy the wight!
You hit the wight.
The wight is lightly damaged.
You hit the wight but do no damage.
The wight is lightly damaged.
The wight hits you with a +4 morningstar!
You feel drained.
You are too injured to fight recklessly!
You are too injured to fight recklessly!
Casting: Confusing Touch (dangerous; 3% risk of failure)
Confirm with . or Enter, or press ? or * to list all spells.
Your hands begin to glow red.
The wight completely misses you.
The wight hits you with a +4 morningstar!
* * * LOW HITPOINT WARNING * * *
You are too injured to fight recklessly!
You are too injured to fight recklessly!
You are too injured to fight recklessly!
You are too injured to fight recklessly!
You hit the wight but do no damage.
The wight is lightly damaged.
The wight hits you with a +4 morningstar!
You die...

*,,,,...####.#######*
***###########........*****
*,,,...# ##...######.*,,,,
*,*###.####[##..#* *,*,***
*,*#...........#.#***,*,***
*,*#.#>##[###..##..,,,,,,,,
#,*#.#.##[#*#.....##*,*,***
#.##.#.##.##......# *,*,,,, ***
#......###@##....##**,***** ,,*
####.### ##z##.....,,,* * #.# #.#
*#...#####*** * #.# #.# *##.# *
#.# ##.#* **+#* ****** #.#
##.#.#* **,,,** *,,,,, #.#
##h###.#* **,,,,,** *,**** #.#
#.## *#.#**,,,,,,,** *,*,**
#.######.##*,##*,,,,,,,,,***,,,,,


You could see a wight.

Vanquished Creatures
  A troll (D:6)
  A black bear (D:4)
  2 ogres
  2 phantoms (D:4)
  An elf zombie (Ossuary)
  A scorpion (D:7)
  A water moccasin zombie (D:7)
  8 wights
  A hound (D:4)
  2 bullfrog skeletons
  2 centaur zombies (Ossuary)
  An orc wizard (D:7)
  3 ogre zombies (Ossuary)
  2 hound skeletons (D:4)
  7 mummies (Ossuary)
  4 gnolls (D:4)
  2 adders (D:3)
  2 shadow imps (D:7)
  A white imp (D:7)
  5 adder zombies (Ossuary)
  A worm (D:4)
  2 orcs
  3 bats
  5 endoplasms
  2 giant cockroaches
  6 goblins
  5 hobgoblins
  3 jackals (D:1)
  2 kobolds
  3 quokkas
  7 ball pythons
  3 frilled lizards
  6 goblin zombies (Ossuary)
  2 hobgoblin zombies (Ossuary)
  4 kobold zombies (Ossuary)
  3 quokka zombies (Ossuary)
  10 rats
  4 rat zombies (Ossuary)
120 creatures vanquished.

Notes
Turn   | Place    | Note
-------+----------+-------------------------------------------
     0 | D:1      | kae the Spriggan Enchanter began the quest for the Orb.
     0 | D:1      | Reached XP level 1. HP: 9/9 MP: 5/5
   828 | D:1      | Reached XP level 2. HP: 11/14 MP: 6/6
   933 | D:1      | Learned a level 2 spell: Ensorcelled Hibernation
  2173 | D:2      | Reached XP level 3. HP: 17/17 MP: 6/8
  2458 | D:2      | Found Kopojac's Armour Shop.
  3252 | D:3      | Learned a level 3 spell: Confusing Touch
  3256 | D:3      | Learned a level 3 spell: Tukima's Dance
  3575 | D:3      | Reached skill level 1 in Fighting
  3575 | D:3      | Reached XP level 4. HP: 18/22 MP: 1/9
  3790 | D:4      | Found Ruegg's Armour Shop.
  3794 | D:4      | Noticed an ogre
  4025 | D:4      | Killed an ogre
  4026 | D:4      | Reached skill level 5 in Stealth
  4026 | D:4      | Reached XP level 5. HP: 10/25 MP: 3/11
  4618 | D:4      | Found Goywk's Armour Shop.
  4707 | D:4      | Noticed a phantom
  4738 | D:4      | Killed a phantom
  4739 | D:4      | Reached XP level 6. HP: 7/30 MP: 8/12
  5402 | D:4      | Reached skill level 6 in Stealth
  5425 | D:4      | Found Hiosor's Distillery.
  5432 | D:4      | Bought a potion of curing for 30 gold pieces
  5432 | D:4      | Bought a potion of heal wounds for 50 gold pieces
  5432 | D:4      | Bought a potion of degeneration for 10 gold pieces
  5432 | D:4      | Bought a potion of lignification for 30 gold pieces
  5465 | D:4      | Reached XP level 7. HP: 31/35 MP: 11/14
  5719 | D:4      | Found Xetura's Armour Shoppe.
  5724 | D:4      | Found Baev Nets's Magic Scroll Emporium.
  5752 | D:4      | Bought a scroll of identify for 22 gold pieces
  5849 | D:5      | Entered Level 5 of the Dungeon
  5877 | D:5      | You fall into a shaft and drop 2 floors!
  5884 | D:7      | Found Xuchymuw's Armour Boutique.
  6007 | D:7      | Found a staircase to the Ecumenical Temple.
  6119 | D:7      | Reached skill level 5 in Hexes
  6384 | D:7      | Noticed Joseph
  6774 | D:7      | Reached skill level 5 in Short Blades
  7149 | D:7      | Reached skill level 5 in Dodging
  7657 | D:7      | HP: 1/35 [orc warrior (16)]
  7666 | D:6      | Noticed a troll
  7667 | D:6      | Killed a troll
  7668 | D:6      | Reached skill level 7 in Stealth
  7668 | D:6      | Reached skill level 5 in Spellcasting
  7668 | D:6      | Reached XP level 8. HP: 2/39 MP: 7/16
  7761 | D:6      | Found a sand-covered staircase.
  7766 | Ossuary  | Entered an ossuary
  8785 | D:6      | Slain by a wight

Illustrated notes

Levels and vault maps discovered:
D:1:      minmay_arrival_widening_spiral_wide, layout_basic
D:2:      layout_loops_ring, serial_shops, shop
D:3:      layout_basic, chequers_serial_rivers_micro_d
D:4:      minmay_angry_zag, layout_basic, serial_shops, shop_scrolls,
          nicolae_stop_n_shop_1, nicolae_stop_n_shop_1, nicolae_stop_n_shop_2,
          shop, minmay_misc_feat_five
D:5:      layout_basic, kennysheep_generic_room_4
D:6:      layout_loops_corners, nicolae_ossuary_entry_false_entrances
D:7:      layout_basic, minmay_temple_entry_from_below_a, serial_shops,
          nicolae_lakefront_shop, uniq_joseph

Skill      XL: |  1  2  3  4  5  6  7  8 |
---------------+-------------------------+-----
Dodging        | 3 4 5 6 |  6.1
Short Blades   | 2 3 4 5 6 |  6.6
Spellcasting   | 3 4 5 |  5.5
Fighting       | 1 2 3 |  3.1
Hexes          | 4 5 6 |  6.1
Stealth        | 5 6 7 |  7.7

Action                   |  1- 3 |  4- 6 |  7- 9 || total
-------------------------+-------+-------+-------++-------
Melee: Dagger            |   148 |   101 |   259 ||   508
 Cast: Ensorcelled Hiber |    30 |    17 |     7 ||    54
       Confusing Touch   |     1 |     3 |    22 ||    26
       Tukima's Dance    |       |     1 |       ||     1
  Use: Scroll            |     5 |     2 |     7 ||    14
       Potion            |       |       |     1 ||     1
 Stab: Sleeping          |    23 |    14 |    31 ||    68
       Confused          |     2 |     3 |    21 ||    26
Armor: Robe              |    14 |     7 |    10 ||    31
Dodge: Dodged            |   125 |    69 |   123 ||   317

Table legend: (Time is in decaauts)
 A = Elapsed time spent in this place.
 B = Non-inter-level travel time spent in this place.
 C = Inter-level travel time spent in this place.
 D = Time resting spent in this place.
 E = Time spent auto-exploring this place.
 F = Levels seen in this place.
 G = Mean time per level.
                   A        B        C        D        E       F      G
               +--------+--------+--------+--------+--------+-----+--------+
         Total |   7172 |   7031 |    141 |   2436 |   3507 |   8 |  896.5 |
       Dungeon |   6396 |   6255 |    141 |   2176 |   3201 |   7 |  913.7 |
       Ossuary |    776 |    776 |      0 |    260 |    306 |   1 |  776.0 |
               +--------+--------+--------+--------+--------+-----+--------+

Top non-repeatable levels by time:
     D:7: 1432 daAuts
     D:1: 1375 daAuts
     D:3: 1272 daAuts
     D:4: 1147 daAuts
     D:2: 1041 daAuts
 Ossuary: 776 daAuts
     D:6: 109 daAuts
     D:5: 18 daAuts
